 Dungeon Crawl Stone Soup version 0.26-a0-572-g753d7e3450 (webtiles) character file.

Game seed: 4963664725305327987

19 Eifo4Ohj9gu9Dob0ohLe the Skirmisher (level 2, -10/26 HPs)
             Began as a Draconian Berserker on Aug 21, 2020.
             Was a Follower of Trog.
             Mangled by a gnoll
             ... wielding a +0 halberd
              (18 damage)
             ... on level 2 of the Dungeon.
             The game lasted 00:02:08 (879 turns).

Eifo4Ohj9gu9Dob0ohLe the Skirmisher (DrBe)           Turns: 879, Time: 00:02:08

Health: -10/26     AC:  4    Str: 19    XL:     2   Next: 55%
Magic:  2/2        EV: 12    Int:  7    God:    Trog [*.....]
Gold:   45         SH:  0    Dex: 10    Spells: 1/1 levels left

rFire    . . .     SeeInvis .   a - +0 hand axe
rCold    . . .     Faith    .   (no shield)
rNeg     . . .     Spirit   .   (armour unavailable)
rPois    .         Reflect  .   (helmet restricted)
rElec    .         Harm     .   (no cloak)
rCorr    .                      (no gloves)
MR       .....                  (no boots)
Stlth    +.........             (no amulet)
HPRegen  0.08/turn              (no ring)
MPRegen  0.08/turn              (no ring)

@: berserk cooldown, slowed, very slow
A: unfitting armour, cold-blooded, AC +4
a: Berserk, Renounce Religion


You were on level 2 of the Dungeon.
You worshipped Trog.
Trog was aware of your devotion.
You visited 1 branch of the dungeon, and saw 2 of its levels.

You collected 45 gold pieces.

Inventory:

Hand Weapons
 a - a +0 hand axe (weapon)
Scrolls
 c - 3 scrolls of amnesia {unknown}
 d - a scroll of magic mapping {unknown}
Potions
 b - a potion of flight {unknown}


   Skills:
 + Level 3.6 Fighting
 + Level 3.4 Axes
 + Level 3.0 Dodging


You had one spell level left.
You didn't know any spells.
Your spell library was empty.

Dungeon Overview and Level Annotations

Branches:
Dungeon (2/15)

Altars:


Innate Abilities, Weirdness & Mutations

Your plain brown scales are hard. (AC +4)
You cannot fit into any form of body armour.
You are cold-blooded and may be slowed by cold attacks.


Message History

You feel a strong urge to attack something.
A gnoll comes into view. It is wielding a +0 spear.
The gnoll shouts!
The bat hits you but does no damage.
You feel your anger nearly subside. The gnoll closely misses you.
The bat misses you. The gnoll closely misses you.
You are no longer berserk.
You are exhausted.
You feel yourself slow down. The bat closely misses you.
Unknown command.
You slash the gnoll!
The gnoll is heavily wounded.
The bat hits you.
The gnoll hits you from afar with a +0 spear.
The gnoll barely misses you.
The gnoll hits you from afar with a +2 vorpal halberd!
The giant cockroach bites you but does no damage.
The gnoll closely misses you. The gnoll hits you with a +0 halberd!!
Ouch! That really hurt!
You die...

.. ..### #.
#... #.
#..## #.
#...# #.
#.#.#
#.###b#.#
#...g.#.##.#
#.<..s@gg..#
##.####.####
#.# .# ...
.# ##.# ##
#.# #.# #.#


You could see 3 gnolls, a giant cockroach and a bat.

Vanquished Creatures
  2 dart slugs (D:1)
  A bat (D:1)
  A giant cockroach (D:1)
  3 goblins (D:1)
  3 hobgoblins (D:1)
  2 kobolds (D:1)
  A rat (D:1)
13 creatures vanquished.

Notes
Turn   | Place    | Note
-------+----------+-------------------------------------------
     0 | D:1      | Eifo4Ohj9gu9Dob0ohLe the Draconian Berserker began the
                  | quest for the Orb.
     0 | D:1      | Reached XP level 1. HP: 19/19 MP: 1/1
   300 | D:1      | Reached XP level 2. HP: 19/26 MP: 2/2
   879 | D:2      | Mangled by a gnoll

Illustrated notes

Levels and vault maps discovered:
D:1:      eino_arrival_tree_alley, layout_basic, nrook_campfire
D:2:      layout_loops_ring, item_on_display_a

Skill      XL: |  1  2 |
---------------+-------+-----
Dodging        | 3 |  3.0
Fighting       | |  3.6
Axes           | |  3.4

Action                   || total
-------------------------++-------
Melee: Hand axe          ||    38
       Tailslap          ||     3
Invok: Berserk           ||     1
Armor: Skin              ||    14
Dodge: Dodged            ||    36

Table legend: (Time is in decaauts)
 A = Elapsed time spent in this place.
 B = Non-inter-level travel time spent in this place.
 C = Inter-level travel time spent in this place.
 D = Time resting spent in this place.
 E = Time spent auto-exploring this place.
 F = Levels seen in this place.
 G = Mean time per level.
                   A        B        C        D        E       F      G
               +--------+--------+--------+--------+--------+-----+--------+
         Total |    883 |    883 |      0 |     46 |    646 |   2 |  441.5 |
       Dungeon |    883 |    883 |      0 |     46 |    646 |   2 |  441.5 |
               +--------+--------+--------+--------+--------+-----+--------+

Top non-repeatable levels by time:
     D:1: 878 daAuts
     D:2: 4 daAuts
